 Dungeon Crawl Stone Soup version 0.19.1-1-g22dce08 (webtiles) character file.

68 Alarkh the Chopper (level 4, 31/35 HPs)
             Began as a Demonspawn Monk on Jan 5, 2017.
             Quit the game on level 1 of the Dungeon.
             The game lasted 00:01:19 (1183 turns).

Alarkh the Chopper (Demonspawn Monk)                Turns: 1183, Time: 00:01:20

Health: 31/35      AC:  2    Str: 12    XL:     4   Next: 1%
Magic:  4/4        EV: 13    Int: 12    God:
Gold:   76         SH:  0    Dex: 15    Spells: 0 memorised, 3 levels left

rFire  . . .     SeeInvis .     a - +0 hand axe
rCold  + . .     Gourm    .     b - +0 robe
rNeg   . . .     Faith    .     (no shield)
rPois  .         Spirit   .     (helmet restricted)
rElec  .         Reflect  .     (no cloak)
rCorr  .         Harm     .     (no gloves)
MR     .....                    (no boots)
Stlth  ++........               (no amulet)
                                (no ring)
                                (no ring)

@: no status effects
A: claws 1, horns 1, cold resistance 1
a: no special abilities


You were on level 1 of the Dungeon.
You were not hungry.

You visited 1 branch of the dungeon, and saw 2 of its levels.

You collected 76 gold pieces.

Inventory:

Hand Weapons
 a - a +0 hand axe (weapon)
Armour
 b - a +0 robe (worn)
Scrolls
 d - a scroll of fear {unknown}
 f - 2 scrolls of identify {unknown}
 i - a scroll of recharging {unknown}
 k - 2 scrolls of remove curse {unknown}
Potions
 e - a potion of mutation {unknown}
 h - a potion of invisibility {unknown}
Comestibles
 c - 3 bread rations
 g - 3 chunks of flesh
 j - a slice of pizza


   Skills:
 - Level 3.0 Fighting
 + Level 4.4 Axes
 - Level 2.6 Dodging
 - Level 1.7 Stealth


You had 3 spell levels left.
You didn't know any spells.

Dungeon Overview and Level Annotations

Branches:
Dungeon (2/15)

Altars:
Elyvilon


Innate Abilities, Weirdness & Mutations

You have sharp fingernails.
You have a pair of small horns on your head.
Your flesh is cold resistant. (rC+)


Message History

You completely miss the jackal.
The jackal is moderately wounded.
The jackal closely misses you. The jackal misses you.
You closely miss the jackal. You headbutt the jackal.
You kill the jackal!
You have reached level 4!
You feel stronger.
Your demonic ancestry asserts itself...
Your fingernails lengthen.
You butcher the jackal corpse.
g - 8 chunks of flesh (gained 3)
There is a fountain of clear blue water here. x2
There is a fountain of clear blue water here.
You open the door.
There is an open door here.
Some of the chunks of flesh in your inventory have rotted away.
You see here a chain mail.
Done exploring.
Done exploring.
Done exploring.
Are you sure you want to abandon this character and quit the game? (Confirm with "yes".)

#.......# ######....
#.......# #.........
#.......# #.........
#.......#######......###
#.......'...............
#.......#######......#..
#.......#######......#..
#.....>..............[..
#......@#######......#..
#####.........########..
###.........# #......
#...........# #......
#...........# #......
#...........# #......
#.......>...# #......
#...........# #######
####.........###


There were no monsters in sight!

Vanquished Creatures
  4 oozes (D:1)
  3 worms (D:1)
  2 dart slugs (D:1)
  3 giant cockroaches
  2 goblins
  4 hobgoblins (D:1)
  6 jackals
  3 kobolds
  2 ball pythons (D:1)
  2 frilled lizards
  8 rats
39 creatures vanquished.

Notes
Turn   | Place    | Note
-------+----------+-------------------------------------------
     0 | D:1      | Alarkh the Demonspawn Monk began the quest for the Orb.
     0 | D:1      | Reached XP level 1. HP: 18/18 MP: 1/1
    56 | D:2      | Found a white marble altar of Elyvilon.
   109 | D:2      | Reached skill level 3 in Axes
   170 | D:2      | Gained mutation: You have a pair of small horns on your head. [demonic ancestry]
   170 | D:2      | Reached XP level 2. HP: 4/24 MP: 2/2
   408 | D:1      | Found a runed door.
   441 | D:1      | Gained mutation: Your flesh is cold resistant. (rC+) [demonic ancestry]
   441 | D:1      | Reached XP level 3. HP: 12/29 MP: 3/3
   452 | D:1      | Reached skill level 4 in Axes
  1132 | D:1      | Gained mutation: You have sharp fingernails. [demonic ancestry]
  1132 | D:1      | Reached XP level 4. HP: 26/35 MP: 4/4
  1183 | D:1      | Quit the game

Skill      XL: |  1  2  3 |
---------------+----------+-----
Axes           | 3 4 |  4.4
Fighting       | |  3.0
Dodging        | |  2.6
Stealth        | |  1.7

Action                   |  1- 3 |  4- 6 || total
-------------------------+-------+-------++-------
Melee: Hand axe          |   114 |       ||   114
       Headbutt          |    17 |       ||    17
  Use: Potion            |     2 |       ||     2
  Eat: Chunk             |     1 |       ||     1
Armor: Robe              |    11 |       ||    11
Dodge: Dodged            |    62 |       ||    62
